 Dungeon Crawl Stone Soup version 0.30-a0-702-gdf48620a09 (webtiles) character file.

Game seed: 13631915085580126535

107 ASSMAN the Sneak (level 4, -6/25 HPs)
             Began as a Deep Elf Brigand on Jan 22, 2023.
             Killed by divine providence
             ... invoked by an orc priest
              (14 damage)
             ... on level 3 of the Dungeon.
             The game lasted 00:03:37 (1732 turns).

ASSMAN the Sneak (Deep Elf Brigand)                 Turns: 1732, Time: 00:03:38

Health: -6/25      AC:  5    Str:  8    XL:     4   Next: 56%
Magic:  6/6        EV: 14    Int: 16    God:
Gold:   120        SH:  0    Dex: 18    Spells: 2/3 levels left

rFire   . . .      SeeInvis .    a - +2 dagger
rCold   . . .      Faith    .    (no shield)
rNeg    . . .      Spirit   .    b - +0 robe
rPois   .          Reflect  .    n - +0 helmet
rElec   .          Harm     .    c - +0 cloak
rCorr   .          Rampage  .    g - +0 pair of gloves
Will    .....                    (no boots)
Stlth   +++                      (no amulet)
HPRegen 0.24/turn                (no ring)
MPRegen 0.10/turn                (no ring)

@: mighty
A: no striking features
a: no special abilities


You were on level 3 of the Dungeon.
You visited 1 branch of the dungeon, and saw 3 of its levels.

You collected 120 gold pieces.

Inventory:

Hand Weapons
 a - a +2 dagger (weapon)
 u - the +3 whip of the Wasteland {freeze, rPois}
   (You found it on level 3 of the Dungeon)

   rPois:     It protects you from poison.
Missiles
 d - 14 poisoned darts (quivered)
 e - 3 curare-tipped darts
Armour
 b - a +0 robe (worn)
 c - a +0 cloak (worn)
 g - a +0 pair of gloves (worn)
 n - a +0 helmet (worn)
Jewellery
 o - a ring of magical power
 p - a ring of poison resistance
Scrolls
 f - a scroll of immolation {unknown}
 h - a scroll of acquirement {unknown}
 i - a scroll of silence {unknown}
 j - 4 scrolls of identify {unknown}
 k - a scroll of enchant armour {unknown}
 l - 2 scrolls of torment {unknown}
 q - a scroll of vulnerability {unknown}
 r - a scroll of fog {unknown}
Potions
 s - a potion of curing {unknown}
 t - a potion of ambrosia {unknown}
 v - a potion of resistance {unknown}


   Skills:
 - Level 1.5 Fighting
 - Level 2.0 Short Blades
 - Level 2.0 Throwing
 + Level 3.8 Dodging
 + Level 6.4 Stealth


You had 2 spell levels left.
You knew the following spells:

 Your Spells              Type           Power      Damage    Failure   Level
a - Apportation           Tloc           0%         N/A       26%         1

Your spell library contained the following spells:

 Spells                   Type           Power      Damage    Failure   Level
 Necrotise                Necr           0%         1d4       26%         1
 Slow                     Hex            0%         N/A       26%         1
 Summon Small Mammal      Summ           0%         N/A       26%         1
 Cigotuvi's Dreadful Rot  Necr/Pois/Air  0%         N/A       36%         2
 Poisonous Vapours        Pois/Air       0%         N/A       36%         2
 Static Discharge         Conj/Air       0%         2-2/arc   36%         2
 Confusing Touch          Hex            0%         N/A       58%         3
 Mephitic Cloud           Conj/Pois/Air  0%         N/A       58%         3
 Vampiric Draining        Necr           0%         2d6       58%         3
 Sticky Flame             Conj/Fire      0%         2d3       94%         4


Dungeon Overview and Level Annotations

Branches:
Dungeon (3/15)

Altars:
Vehumet


Message History

You closely miss the kobold.
The kobold is severely wounded.
The kobold hits you with a +0 dagger.
You closely miss the kobold.
The kobold is severely wounded.
The kobold completely misses you.
You hit the kobold but do no damage.
The kobold is severely wounded.
The kobold misses you.
An orc priest comes into view. It is wielding a +2 mace of protection.
You barely miss the kobold.
The kobold is severely wounded.
You closely miss the kobold.
The kobold is severely wounded.
The kobold barely misses you. The orc priest hits you with a +0 club.
The orc priest shouts!
You hit the kobold.
You kill the kobold!
You hear a shout!
You barely miss the orc priest. The orc priest misses you.
You hit the orc priest.
The orc priest is moderately wounded.
You hit the orc priest but do no damage.
The orc priest is moderately wounded.
An orc comes into view. It is wielding a +0 flail.
The orc priest mumbles some strange prayers to Beogh against you.
Beogh smites you!
Ouch! That really hurt!
* * * LOW HITPOINT WARNING * * *
It was a potion of might.
You feel very mighty all of a sudden. The orc priest misses you.
The orc shouts!
You hit the orc priest.
The orc priest is severely wounded.
The orc priest hits you but does no damage.
The orc priest mumbles some strange prayers to Beogh against you.
Beogh smites you!
Ouch! That really hurt!
You die...

...... ...... .#o...#
....... #.#... #.....
####..o##############
......o@.............
####.................
#.....####..#########
#.....#..#..#..#..[')
##.#..#.)'..#..#(..#.
#.#..####..##'#.))##
#.#...........##'##.
#...........⌠.......
.#'###'#........†


You could see 2 orc priests and an orc.

Vanquished Creatures
  4 adders
  An orc (D:3)
  6 ball pythons
  3 bats
  2 endoplasms (D:1)
  3 giant cockroaches
  12 goblins
  18 hobgoblins
  7 kobolds
  A quokka (D:1)
  3 rats
60 creatures vanquished.

Vanquished Creatures (others)
  2 plants (D:3)
2 creatures vanquished.

Grand Total: 62 creatures vanquished

Notes
Turn   | Place    | Note
-------+----------+-------------------------------------------
     0 | D:1      | ASSMAN the Deep Elf Brigand began the quest for the Orb.
     0 | D:1      | Reached XP level 1. HP: 12/12 MP: 3/3
    24 | D:1      | Reached skill level 5 in Stealth
    62 | D:1      | Reached XP level 2. HP: 7/16 MP: 4/4
   603 | D:2      | Reached XP level 3. HP: 20/20 MP: 5/5
   889 | D:2      | Reached skill level 6 in Stealth
   961 | D:2      | Learned a level 1 spell: Apportation
  1241 | D:3      | Got Keax Yco's Incunabulum of Igneous Attacks
  1274 | D:3      | Reached XP level 4. HP: 25/25 MP: 6/6
  1289 | D:3      | Found a radiant altar of Vehumet.
  1678 | D:3      | Identified the +3 whip of the Wasteland {freeze, rPois}
  1732 | D:3      | Killed from afar by an orc priest

Illustrated notes

Levels and vault maps discovered:
D:1:      nzn_arrival_water_spiral, layout_rooms
D:2:      layout_basic, minmay_goblin_outpost
D:3:      corexii_shack_village, layout_basic,
          mainiacjoe_overflow_large_starburst, amcnicky_altar_gilded,
          grunt_ministairs_13, minmay_misc_feat_x, uniq_jessica

Skill      XL: |  1  2  3 |
---------------+----------+-----
Stealth        | 5 6 |  6.4
Dodging        | 2 3 |  3.8
Fighting       | |  1.5
Short Blades   | |  2.0
Throwing       | |  2.0

Action                   |  1- 3 |  4- 6 || total
-------------------------+-------+-------++-------
Melee: Dagger            |   101 |    74 ||   175
       Punch             |     1 |     2 ||     3
  Use: Potion            |       |     1 ||     1
 Stab: Sleeping          |     9 |     5 ||    14
Armor: Robe              |    26 |    23 ||    49
Dodge: Dodged            |    57 |    40 ||    97

Table legend: (Time is in decaauts)
 A = Elapsed time spent in this place.
 B = Non-inter-level travel time spent in this place.
 C = Inter-level travel time spent in this place.
 D = Time resting spent in this place.
 E = Time spent auto-exploring this place.
 F = Levels seen in this place.
 G = Mean time per level.
                   A        B        C        D        E       F      G
               +--------+--------+--------+--------+--------+-----+--------+
         Total |   1714 |   1672 |     42 |    173 |   1052 |   3 |  571.3 |
       Dungeon |   1714 |   1672 |     42 |    173 |   1052 |   3 |  571.3 |
               +--------+--------+--------+--------+--------+-----+--------+

Top non-repeatable levels by time:
     D:2: 687 daAuts
     D:1: 536 daAuts
     D:3: 490 daAuts
